TOP OF THE 1ST |
Arizona Diamondbacks batting - Pitching for Pittsburgh Pirates : LHP Felix Bernal
|
Pitching: LHP Felix Bernal
|
|
Batting: RHB Andy Swaim
|
0-0: Foul Ball, location: 2F 0-1: Ball 1-1: Foul Ball, location: 2F 1-2: SOLO HOME RUN (Flyball, 7D, EV 99.4 MPH), Distance : 387 ft
|
Batting: RHB Katilimomi Kelekolio
|
0-0: Swinging Strike 0-1: Ball 1-1: Foul Ball, location: 2F 1-2: Foul Ball, location: 2F 1-2: Strikes out swinging
|
Batting: RHB Bob Najar
|
0-0: Ball 1-0: Ball 2-0: Ball 3-0: Base on Balls
|
Batting: SHB Salvador Aragon
|
0-0: Ball 1-0: Foul Ball, location: 2F 1-1: Foul Ball, location: 2F 1-2: Strikes out swinging
|
Batting: LHB Joel Kunkler
|
0-0: SINGLE (Groundball, 34D, EV 95.0 MPH) Bob Najar to second Runner from 2nd tries for 3rd, SAFE, throw by RF made to third
|
Batting: RHB Dusty Thompson
|
0-0: Called Strike 0-1: Ball 1-1: DOUBLE (Line Drive, 9LS, EV 113.8 MPH) Bob Najar scores Joel Kunkler to third Runner from 3rd tries for Home, SAFE, throw by RF to trailing runner, OUT at third! 9-3-5
|
Top of the 1st over - 3 runs, 3 hits, 0 errors, 0 left on base; Arizona 3 - Pittsburgh 0 |
BOTTOM OF THE 1ST |
Pittsburgh Pirates batting - Pitching for Arizona Diamondbacks : RHP Marcus Wolfe
|
Pitching: RHP Marcus Wolfe
|
|
Batting: LHB Micah Boshnjaku
|
0-0: Ball 1-0: Swinging Strike 1-1: Called Strike 1-2: Ball 2-2: Foul Ball, location: 2F 2-2: Foul Ball, location: 2F 2-2: Strikes out swinging
|
Batting: RHB David Contreras
|
0-0: Ball 1-0: Called Strike 1-1: Ground out 4-3 (Groundball, 4M, EV 89.4 MPH)
|
Batting: LHB Brad Pepin
|
0-0: Called Strike 0-1: Foul Ball, location: 2F 0-2: Ball 1-2: Strikes out swinging
|
Bottom of the 1st over - 0 runs, 0 hits, 0 errors, 0 left on base; Arizona 3 - Pittsburgh 0 |
TOP OF THE 2ND |
Arizona Diamondbacks batting - Pitching for Pittsburgh Pirates : LHP Felix Bernal
|
Batting: LHB Jason Peck
|
0-0: Called Strike 0-1: Foul Ball, location: 2F 0-2: Ball 1-2: Ball 2-2: Foul Ball, location: 2F 2-2: Ball 3-2: Foul Ball, location: 2F 3-2: Foul Ball, location: 2F 3-2: Foul Ball, location: 2F 3-2: Strikes out swinging
|
Batting: LHB Mike Mentzer
|
0-0: Called Strike 0-1: Ground out 4-3 (Groundball, 4D, EV 88.8 MPH)
|
Batting: RHB Marlon Reda
|
0-0: Foul Ball, location: 2F 0-1: Ball 1-1: Ball 2-1: Swinging Strike 2-2: Ground out 4-3 (Groundball, 4, EV 106.2 MPH)
|
Top of the 2nd over - 0 runs, 0 hits, 0 errors, 0 left on base; Arizona 3 - Pittsburgh 0 |
BOTTOM OF THE 2ND |
Pittsburgh Pirates batting - Pitching for Arizona Diamondbacks : RHP Marcus Wolfe
|
Batting: LHB Xavier Pittman
|
0-0: Ball 1-0: Swinging Strike 1-1: Foul Ball, location: 2F 1-2: Ball 2-2: Foul Ball, location: 2F 2-2: Ball 3-2: Foul Ball, location: 2F 3-2: Base on Balls
|
Batting: SHB Jack Andrews
|
0-0: Ball 1-0: Ball 2-0: Foul Ball, location: 2F 2-1: Ball 3-1: Base on Balls Xavier Pittman to second
|
Batting: RHB Jason Moss
|
0-0: Called Strike 0-1: Called Strike 0-2: Ball 1-2: Strikes out swinging
|
Batting: RHB Jerry Escamilla
|
0-0: Called Strike 0-1: Ball 1-1: Ball 2-1: Foul Ball, location: 2F 2-2: SINGLE (Groundball, 5D, EV 104.4 MPH) Xavier Pittman to third Jack Andrews to second Runner from 3rd tries for Home, throw by LF and OUT! 7-2
|
Batting: SHB Brad Day
|
0-0: Foul Ball, location: 2F 0-1: Ground out 2-3 (Groundball, 2L, EV 68.1 MPH)
|
Bottom of the 2nd over - 0 runs, 1 hit, 0 errors, 2 left on base; Arizona 3 - Pittsburgh 0 |
TOP OF THE 3RD |
Arizona Diamondbacks batting - Pitching for Pittsburgh Pirates : LHP Felix Bernal
|
Batting: RHB Andy Swaim
|
0-0: Ball 1-0: Ball 2-0: Foul Ball, location: 2F 2-1: SOLO HOME RUN (Flyball, 7D, EV 97.5 MPH), Distance : 373 ft
|
Batting: RHB Katilimomi Kelekolio
|
0-0: Swinging Strike 0-1: Fly out, F8 (Flyball, 8RD, EV 106.9 MPH)
|
Batting: RHB Bob Najar
|
0-0: Ball 1-0: Called Strike 1-1: Swinging Strike 1-2: Foul Ball, location: 2F 1-2: Foul Ball, location: 2F 1-2: Strikes out swinging
|
Batting: SHB Salvador Aragon
|
0-0: Swinging Strike 0-1: Swinging Strike 0-2: Strikes out looking
|
Top of the 3rd over - 1 run, 1 hit, 0 errors, 0 left on base; Arizona 4 - Pittsburgh 0 |
BOTTOM OF THE 3RD |
Pittsburgh Pirates batting - Pitching for Arizona Diamondbacks : RHP Marcus Wolfe
|
Batting: SHB Trevor Weareorwear
|
0-0: Ball 1-0: Ball 2-0: Fly out, F3 (Popup, 23F, EV 88.1 MPH)
|
Batting: LHB Micah Boshnjaku
|
0-0: Ball 1-0: Ball 2-0: Called Strike 2-1: Ball 3-1: Base on Balls
|
Batting: RHB David Contreras
|
0-0: Ball 1-0: Called Strike Micah Boshnjaku steals 2nd base (no throw) 1-1: Ball 2-1: Foul Ball, location: 2F 2-2: Strikes out swinging
|
Batting: LHB Brad Pepin
|
0-0: Called Strike 0-1: Ball 1-1: Called Strike 1-2: Ball Passed Ball! Micah Boshnjaku to third 2-2: Strikes out looking
|
Bottom of the 3rd over - 0 runs, 0 hits, 0 errors, 1 left on base; Arizona 4 - Pittsburgh 0 |
TOP OF THE 4TH |
Arizona Diamondbacks batting - Pitching for Pittsburgh Pirates : LHP Felix Bernal
|
Batting: LHB Joel Kunkler
|
0-0: Called Strike 0-1: Ball 1-1: Foul Ball, location: 2F 1-2: Ball 2-2: Foul Ball, location: 2F 2-2: Strikes out swinging
|
Batting: RHB Dusty Thompson
|
0-0: Ball 1-0: Ball 2-0: Ball 3-0: Foul Ball, location: 2F 3-1: Base on Balls
|
Batting: LHB Jason Peck
|
0-0: Ball 1-0: Called Strike 1-1: Foul Ball, location: 2F 1-2: Strikes out swinging
|
Batting: LHB Mike Mentzer
|
0-0: Ball 1-0: Called Strike 1-1: Foul Ball, location: 2F 1-2: Fly out, F7 (Flyball, 78M, EV 78.1 MPH)
|
Top of the 4th over - 0 runs, 0 hits, 0 errors, 1 left on base; Arizona 4 - Pittsburgh 0 |
BOTTOM OF THE 4TH |
Pittsburgh Pirates batting - Pitching for Arizona Diamondbacks : RHP Marcus Wolfe
|
Batting: LHB Xavier Pittman
|
0-0: Called Strike 0-1: Ball 1-1: Ball 2-1: Ground out 4-3 (Groundball, 4, EV 85.6 MPH)
|
Batting: SHB Jack Andrews
|
0-0: Foul Ball, location: 2F 0-1: Ball 1-1: Fly out, F8 (Flyball, 8RS, EV 87.5 MPH)
|
Batting: RHB Jason Moss
|
0-0: Ball 1-0: Called Strike 1-1: Fly out, F8 (Flyball, 8RD, EV 108.1 MPH)
|
Bottom of the 4th over - 0 runs, 0 hits, 0 errors, 0 left on base; Arizona 4 - Pittsburgh 0 |
TOP OF THE 5TH |
Arizona Diamondbacks batting - Pitching for Pittsburgh Pirates : LHP Felix Bernal
|
Batting: RHB Marlon Reda
|
0-0: Called Strike 0-1: Swinging Strike 0-2: Ball 1-2: Ball 2-2: Foul Ball, location: 2F 2-2: Ball 3-2: Fly out, F8 (Flyball, 8RM, EV 89.4 MPH)
|
Batting: RHB Andy Swaim
|
0-0: Swinging Strike 0-1: Ball 1-1: Ball 2-1: Ball 3-1: Base on Balls
|
Batting: RHB Katilimomi Kelekolio
|
0-0: SINGLE (Line Drive, 78S, EV 90.0 MPH) Andy Swaim to second
|
Batting: RHB Bob Najar
|
0-0: Called Strike Andy Swaim steals 3rd base Katilimomi Kelekolio to second 0-1: Fly out, F6 (Popup, 6, EV 67.5 MPH)
|
Batting: SHB Salvador Aragon
|
0-0: Ball 1-0: Fly out, F8 (Flyball, 8LM, EV 80.6 MPH)
|
Top of the 5th over - 0 runs, 1 hit, 0 errors, 2 left on base; Arizona 4 - Pittsburgh 0 |
BOTTOM OF THE 5TH |
Pittsburgh Pirates batting - Pitching for Arizona Diamondbacks : RHP Marcus Wolfe
|
Batting: RHB Jerry Escamilla
|
0-0: Ball 1-0: Fly out, F8 (Flyball, 8LM, EV 72.5 MPH)
|
Batting: SHB Brad Day
|
0-0: Ball 1-0: Called Strike 1-1: Ball 2-1: Swinging Strike 2-2: Ball 3-2: Strikes out swinging
|
Batting: SHB Trevor Weareorwear
|
0-0: Ball 1-0: Ground out 4-3 (Groundball, 4, EV 104.4 MPH)
|
Bottom of the 5th over - 0 runs, 0 hits, 0 errors, 0 left on base; Arizona 4 - Pittsburgh 0 |
TOP OF THE 6TH |
Arizona Diamondbacks batting - Pitching for Pittsburgh Pirates : LHP Felix Bernal
|
Batting: LHB Joel Kunkler
|
0-0: Ball 1-0: SINGLE (Flyball, 78S, EV 93.8 MPH)
|
Batting: RHB Dusty Thompson
|
0-0: Foul Ball, location: 2F 0-1: Ball 1-1: Grounds into double play, 6-4-3 (Groundball, 6, EV 101.2 MPH)
|
Batting: LHB Jason Peck
|
0-0: Foul Ball, location: 2F 0-1: Foul Ball, location: 2F 0-2: Strikes out swinging
|
Top of the 6th over - 0 runs, 1 hit, 0 errors, 0 left on base; Arizona 4 - Pittsburgh 0 |
BOTTOM OF THE 6TH |
Pittsburgh Pirates batting - Pitching for Arizona Diamondbacks : RHP Marcus Wolfe
|
Batting: LHB Micah Boshnjaku
|
0-0: Swinging Strike 0-1: Foul Ball, location: 2F 0-2: Ball 1-2: Strikes out swinging
|
Batting: RHB David Contreras
|
0-0: Called Strike 0-1: Foul Ball, location: 2F 0-2: Ball 1-2: SINGLE (Line Drive, 89M, EV 110.6 MPH)
|
Batting: LHB Brad Pepin
|
0-0: Ball 1-0: Ball 2-0: Foul Ball, location: 2F 2-1: Ball 3-1: Base on Balls David Contreras to second
|
Batting: LHB Xavier Pittman
|
0-0: Foul Ball, location: 2F 0-1: Ball 1-1: Fly out, F5 (Popup, 25F, EV 81.2 MPH)
|
Batting: SHB Jack Andrews
|
0-0: Foul Ball, location: 2F 0-1: Foul Ball, location: 2F 0-2: Foul Ball, location: 2F 0-2: Foul Ball, location: 2F 0-2: Fly out, F9 (Flyball, 89S, EV 89.4 MPH)
|
Bottom of the 6th over - 0 runs, 1 hit, 0 errors, 2 left on base; Arizona 4 - Pittsburgh 0 |
TOP OF THE 7TH |
Arizona Diamondbacks batting - Pitching for Pittsburgh Pirates : LHP Felix Bernal
|
Batting: LHB Mike Mentzer
|
0-0: Ball 1-0: Called Strike 1-1: Called Strike 1-2: Strikes out swinging
|
Batting: RHB Marlon Reda
|
0-0: Ball 1-0: Ball 2-0: Swinging Strike 2-1: Foul Ball, location: 2F 2-2: Ball 3-2: Foul Ball, location: 2F 3-2: Strikes out swinging
|
Batting: RHB Andy Swaim
|
0-0: Ball 1-0: Swinging Strike 1-1: Ball 2-1: Foul Ball, location: 2F 2-2: Ball 3-2: Base on Balls
|
Pitching: RHP Ian Toney
|
|
Batting: RHB Katilimomi Kelekolio
|
0-0: Ball Andy Swaim steals 2nd base 1-0: Called Strike 1-1: Foul Ball, location: 2F 1-2: Ball 2-2: Foul Ball, location: 2F 2-2: Foul Ball, location: 2F 2-2: Ball 3-2: SINGLE (Groundball, 34S, EV 74.4 MPH) (infield hit) Andy Swaim to third
|
Batting: RHB Bob Najar
|
0-0: Called Strike 0-1: Swinging Strike 0-2: Ground out 6-3 (Groundball, 6S, EV 77.5 MPH)
|
Top of the 7th over - 0 runs, 1 hit, 0 errors, 2 left on base; Arizona 4 - Pittsburgh 0 |
BOTTOM OF THE 7TH |
Pittsburgh Pirates batting - Pitching for Arizona Diamondbacks : RHP Marcus Wolfe
|
Batting: RHB Jason Moss
|
0-0: Called Strike 0-1: Ball 1-1: Called Strike 1-2: SINGLE (Flyball, 8LS, EV 96.9 MPH)
|
Batting: RHB Jerry Escamilla
|
0-0: Ball 1-0: SINGLE (Groundball, 4MD, EV 106.9 MPH) Jason Moss to second Runner from 2nd tries for 3rd, SAFE, throw by CF made to third
|
Batting: SHB Brad Day
|
0-0: Swinging Strike 0-1: Called Strike 0-2: Ball 1-2: Ball 2-2: SINGLE (Line Drive, 4M, EV 95.6 MPH) Jason Moss scores Jerry Escamilla to second
|
Pitching: RHP Stanford Placard
|
|
Batting: SHB Trevor Weareorwear
|
0-0: Fly out, F9 (Flyball, 9, EV 89.4 MPH)
|
Batting: LHB Micah Boshnjaku
|
0-0: Ball 1-0: Swinging Strike 1-1: Fly out, F4 (Popup, 34S, EV 83.1 MPH)
|
Batting: RHB David Contreras
|
0-0: Ball 1-0: SINGLE (Groundball, 6MS, EV 96.2 MPH) Jerry Escamilla to third Brad Day to second Runner from 3rd tries for Home, SAFE, throw by CF to home Brad Day to third David Contreras to second
|
Batting: LHB Brad Pepin
|
0-0: Ball 1-0: Called Strike 1-1: Called Strike 1-2: Ball 2-2: Foul Ball, location: 2F 2-2: Strikes out swinging
|
Bottom of the 7th over - 2 runs, 4 hits, 0 errors, 2 left on base; Arizona 4 - Pittsburgh 2 |
TOP OF THE 8TH |
Arizona Diamondbacks batting - Pitching for Pittsburgh Pirates : RHP Ian Toney
|
Batting: SHB Salvador Aragon
|
0-0: Fly out, F8 (Flyball, 8LM, EV 83.8 MPH)
|
Batting: LHB Joel Kunkler
|
0-0: Called Strike 0-1: Ball 1-1: Foul Ball, location: 2F 1-2: Fly out, F9 (Flyball, 9LS, EV 96.2 MPH)
|
Batting: RHB Dusty Thompson
|
0-0: Ball 1-0: Called Strike 1-1: Ball 2-1: Foul Ball, location: 2F 2-2: SOLO HOME RUN (Flyball, 78XD, EV 104.4 MPH), Distance : 405 ft
|
Batting: LHB Jason Peck
|
0-0: Ball 1-0: Swinging Strike 1-1: Called Strike 1-2: Foul Ball, location: 2F 1-2: Foul Ball, location: 2F 1-2: Strikes out swinging
|
Top of the 8th over - 1 run, 1 hit, 0 errors, 0 left on base; Arizona 5 - Pittsburgh 2 |
BOTTOM OF THE 8TH |
Pittsburgh Pirates batting - Pitching for Arizona Diamondbacks : RHP Stanford Placard
|
Pitching: RHP David Mendoza
|
|
Batting: LHB Xavier Pittman
|
0-0: Ball 1-0: Ground out 6-3 (Groundball, 6, EV 86.2 MPH)
|
Batting: SHB Jack Andrews
|
0-0: Called Strike 0-1: Called Strike 0-2: Ball 1-2: Foul Ball, location: 2F 1-2: SINGLE (Groundball, 34S, EV 72.5 MPH) (infield hit)
|
Batting: RHB Jason Moss
|
0-0: Swinging Strike 0-1: Foul Ball, location: 2F 0-2: Strikes out swinging
|
Batting: RHB Jerry Escamilla
|
0-0: Ball 1-0: Ball 2-0: DOUBLE (Line Drive, 7LD, EV 103.1 MPH) Jack Andrews to third Runner from 3rd tries for Home, SAFE, throw by LF to trailing runner, SAFE at third!
|
Batting: SHB Brad Day
|
0-0: Ball 1-0: Swinging Strike 1-1: Foul Ball, location: 2F 1-2: SINGLE (Groundball, 6MS, EV 70.0 MPH) (infield hit) Jerry Escamilla scores
|
Batting: SHB Trevor Weareorwear
|
0-0: Ground out 4-3 (Groundball, 34D, EV 102.5 MPH)
|
Bottom of the 8th over - 2 runs, 3 hits, 0 errors, 1 left on base; Arizona 5 - Pittsburgh 4 |
TOP OF THE 9TH |
Arizona Diamondbacks batting - Pitching for Pittsburgh Pirates : RHP Ian Toney
|
Pitching: LHP Jimmy Vanthournoutingtonle
|
|
Batting: LHB Mike Mentzer
|
0-0: Called Strike 0-1: SOLO HOME RUN (Flyball, 9LD, EV 94.4 MPH), Distance : 360 ft
|
Batting: RHB Marlon Reda
|
0-0: Ball 1-0: DOUBLE (Groundball, 3L, EV 101.2 MPH)
|
Batting: RHB Andy Swaim
|
0-0: Ball 1-0: Ball 2-0: Sac Bunt to 15 - play at first, batter OUT! 1-4 Marlon Reda to third
|
Batting: RHB Katilimomi Kelekolio
|
0-0: Ball 1-0: SINGLE (Line Drive, 7LS, EV 108.1 MPH) Marlon Reda scores
|
Batting: RHB Bob Najar
|
0-0: Called Strike 0-1: Called Strike 0-2: Ball 1-2: DOUBLE (Groundball, 5L, EV 103.8 MPH) Katilimomi Kelekolio to third Runner from 3rd tries for Home, SAFE, throw by LF to home
|
Pitching: RHP Walt Quinn
|
|
Batting: SHB Salvador Aragon
|
0-0: Called Strike 0-1: Swinging Strike 0-2: Ball 1-2: Ground out U3 (Groundball, 3S, EV 82.5 MPH) Bob Najar to third
|
Batting: LHB Joel Kunkler
|
0-0: Foul Ball, location: 2F 0-1: Ball 1-1: Called Strike 1-2: Ground out 5-3 (Groundball, 56S, EV 86.9 MPH)
|
Top of the 9th over - 3 runs, 4 hits, 0 errors, 1 left on base; Arizona 8 - Pittsburgh 4 |
BOTTOM OF THE 9TH |
Pittsburgh Pirates batting - Pitching for Arizona Diamondbacks : RHP David Mendoza
|
Batting: LHB Micah Boshnjaku
|
0-0: Foul Ball, location: 2F 0-1: Ball 1-1: SINGLE (Line Drive, 9S, EV 109.4 MPH)
|
Batting: RHB David Contreras
|
0-0: Called Strike 0-1: Ball 1-1: Called Strike 1-2: Strikes out swinging
|
Batting: LHB Brad Pepin
|
0-0: Called Strike 0-1: Swinging Strike 0-2: Foul Ball, location: 2F 0-2: Ball 1-2: Foul Ball, location: 2F 1-2: Ball 2-2: Strikes out swinging
|
Batting: LHB Xavier Pittman
|
0-0: Ball 1-0: Ball 2-0: Ball 3-0: Base on Balls Micah Boshnjaku to second
|
Batting: SHB Jack Andrews
|
0-0: Called Strike 0-1: Ball 1-1: Swinging Strike 1-2: Ball 2-2: Strikes out swinging
|
Bottom of the 9th over - 0 runs, 1 hit, 0 errors, 2 left on base; Arizona 8 - Pittsburgh 4 |
|